Map: Old Republic LE

Players

HoldTheDoor - Winner!

  • Race: Protoss Protoss
  • League: Diamond
  • Spawn Location: 1:00

FanDanQ

  • Race: Protoss Protoss
  • League: Master
  • Spawn Location: 7:00

VOD

Have the link to the VOD?

Description

Time

  • Played on: May 3, 2026, 11:34 a.m.
  • Length: 19:15
Show
View Real Time Build Order
Export as new Build Order

HoldTheDoor Protoss - Winner!

Build Orders: Chargelot Immortal 

Get SALT Encoding   

  12  0:00  Probe  
  13  0:12  Probe  
  14  0:18  Pylon  
  14  0:24  Probe  
  15  0:33  Probe  
  15  0:42  Probe  
  16  0:43  Gateway  
  16  0:47  Assimilator  
  17  0:53  Probe  
  18  1:01  Assimilator  
  18  1:05  Probe, Assimilator  
  19  1:12  Pylon  
  19  1:19  Probe  
  20  1:31  Probe  
  21  1:36  Cybernetics Core  
  21  1:42  Pylon  
  21  1:43  Probe  
  22  1:55  Probe  
  23  2:07  Stalker, Probe  
  24  2:09  Gateway  
  24  2:12  Pylon  
  26  2:17  Warp Gate  
  26  2:19  Probe  
  27  2:31  Probe  
  28  2:45  Stalker  
  30  2:57  Stalker  
  30  3:00  Shield Battery  
  30  3:05  Pylon  
  32  3:08  Robotics Facility  
  32  3:14  Sentry  
  34  3:27  Shield Battery  
  32  4:09  Stalker  
  34  4:15  Immortal  
  32  4:27  Stalker  
  38  4:33  Stalker  
  40  4:42  Gateway  
  40  4:43  Gateway  
  40  4:51  Stalker  
  42  4:54  Warp Prism  
  42  4:56  Stalker  
  46  5:05  Pylon  
  46  5:08  Pylon  
  42  5:38  Nexus  
  42  5:40  Pylon  
  42  5:45  Twilight Council  
  42  5:47  Pylon  
  42  5:48  Sentry  
  44  5:51  Sentry  
  46  6:03  Zealot x2  
  50  6:10  Probe  
  45  6:20  Zealot  
  45  6:21  Zealot  
  45  6:35  Shield Battery x2  
  45  6:37  Shield Battery, Charge  
  45  6:38  Stalker  
  47  6:44  Sentry  
  47  6:47  Sentry  
  51  6:53  Immortal  
  51  7:07  Probe  
  56  7:09  Probe  
  57  7:26  Zealot x2  
  57  7:27  Zealot  
  59  7:51  Zealot x4  
  65  8:00  Immortal  
  63  8:08  Probe  
  63  8:09  Probe  
  69  8:17  Zealot  
  71  8:26  Zealot x2  
  75  8:34  Zealot  
  77  8:53  Probe x2  
  73  8:56  Immortal  
  75  9:05  Probe  
  76  9:17  Zealot  
  78  9:25  Pylon  
  78  9:34  Nexus  
  78  9:38  Pylon  
  78  9:40  Observer  
  79  9:50  Zealot x3  
  85  9:53  Sentry  
  85  9:54  Probe  
  85  9:59  Forge  
  88  10:04  Probe  
  89  10:14  Shield Battery  
  89  10:16  Shield Battery, Pylon  
  89  10:24  Protoss Ground Weapons Level 1  
  87  10:33  Zealot x4  
  95  10:35  Probe  
  95  10:41  Blink  
  96  10:44  Pylon  
  96  10:47  Gateway  
  96  10:49  Gateway  
  96  10:53  Photon Cannon  
  96  11:03  Probe  
  97  11:08  Assimilator  
  97  11:09  Probe  
  97  11:10  Probe  
  99  11:16  Photon Cannon  
  99  11:17  Probe  
  100  11:21  Probe  
  100  11:24  Pylon  
  101  11:32  Templar Archives  
  101  11:33  Probe x2  
  101  11:34  Probe  
  104  11:41  Immortal  
  108  11:48  Probe x2  
  110  11:56  Zealot x2  
  110  11:57  Zealot x2  
  110  11:58  Zealot  
  110  12:01  Zealot  
  122  12:15  Probe x2  
  122  12:16  Probe  
  122  12:19  Pylon  
  122  12:21  Gateway  
  125  12:22  Gateway  
  125  12:27  Probe  
  125  12:28  Gateway  
  126  12:31  Gateway  
  126  12:32  Pylon  
  126  12:36  Assimilator, High Templar x2  
  126  12:37  High Templar x3  
  132  12:38  High Templar  
  132  12:41  Archon x2  
  132  12:42  Archon  
  138  12:55  Protoss Ground Armor Level 1  
  138  13:00  Gateway  
  138  13:01  Gateway  
  138  13:02  Gateway x2  
  138  13:06  Gateway  
  138  13:09  Gateway  
  138  13:14  Pylon  
  138  13:15  Pylon  
  138  13:18  Photon Cannon  
  138  13:20  Immortal  
  142  13:31  Assimilator  
  142  13:38  Photon Cannon  
  142  13:40  Photon Cannon  
  142  13:42  Photon Cannon  
  142  13:43  Shield Battery  
  142  13:45  Shield Battery  
  142  13:46  Photon Cannon  
  142  13:47  Pylon  
  142  13:50  Pylon  
  142  13:53  Photon Cannon  
  142  13:55  Assimilator  
  142  13:57  High Templar  
  142  13:58  High Templar x3  
  142  14:02  Archon x2  
  150  14:05  Probe x3  
  153  14:17  Probe x3  
  153  14:22  Pylon  
  156  14:27  Photon Cannon  
  156  14:39  Zealot x5  
  156  14:40  Zealot x5  
  156  14:45  High Templar x3  
  180  14:46  High Templar  
  180  14:50  Archon  
  180  14:51  Archon  
  180  14:52  Protoss Ground Weapons Level 2  
  184  15:19  Forge  
  184  15:21  Pylon  
  184  15:36  Photon Cannon x2  
  184  15:37  Photon Cannon  
  184  15:39  Pylon  
  184  15:41  Pylon  
  184  15:42  Photon Cannon  
  184  16:00  Nexus  
  184  16:03  Protoss Ground Armor Level 2, Pylon  
  184  16:09  Pylon  
  184  16:13  Pylon  
  184  16:15  Pylon  
  184  16:19  Pylon  
  184  16:26  Zealot x3  
  184  16:27  Zealot x4  
  198  16:35  Zealot  
  198  16:36  Zealot  
  147  17:05  Zealot  
  147  17:06  Zealot x7  
  113  17:26  High Templar  
  113  17:27  High Templar x10  
  135  17:31  Archon x2  
  135  17:32  Archon x3  
  135  17:41  High Templar  
  135  17:42  Zealot x3  
  135  17:43  Zealot  
  145  17:46  Archon  
  145  17:54  Warp Prism  
  147  18:02  Robotics Facility  
  147  18:05  Assimilator  
  147  18:10  Assimilator  
  147  18:25  Zealot x3  
  147  18:26  Zealot x7  
  167  18:30  Immortal  
  143  18:59  Zealot  
  143  19:00  Zealot x9  
  143  19:01  Zealot x3  
Show
View Real Time Build Order
Export as new Build Order

FanDanQ Protoss 

Build Orders: Blink Stalkers 

Get SALT Encoding   

  12  0:00  Probe  
  13  0:14  Pylon  
  13  0:16  Probe  
  14  0:28  Probe  
  14  0:33  Gateway  
  15  0:36  Probe  
  16  0:44  Probe  
  16  0:45  Assimilator  
  17  0:55  Probe  
  18  1:07  Probe  
  19  1:17  Zealot  
  19  1:25  Probe  
  22  1:32  Cybernetics Core  
  22  1:36  Pylon  
  22  1:39  Pylon  
  22  1:57  Probe  
  22  2:00  Warp Gate  
  23  2:02  Zealot  
  25  2:09  Probe  
  25  2:21  Probe  
  26  2:24  Twilight Council  
  26  2:29  Adept  
  28  2:33  Probe  
  29  2:46  Pylon  
  29  2:50  Assimilator  
  29  2:57  Stalker  
  31  3:15  Blink  
  31  3:22  Gateway  
  31  3:23  Stalker  
  31  3:24  Gateway  
  33  4:01  Stalker  
  29  4:18  Stalker  
  29  4:32  Stalker  
  29  4:33  Stalker  
  33  4:42  Pylon  
  33  4:43  Pylon  
  33  4:48  Gateway  
  33  4:49  Gateway  
  33  4:51  Gateway  
  33  4:54  Stalker  
  33  4:59  Stalker  
  37  5:04  Charge  
  37  5:26  Stalker x3  
  43  6:03  Nexus  
  33  6:28  Stalker x4  
  41  6:41  Zealot x2  
  41  6:46  Pylon  
  45  6:56  Zealot x2  
  45  7:01  Probe  
  50  7:13  Probe  
  49  7:15  Probe  
  50  7:23  Probe  
  50  7:25  Probe  
  50  7:26  Stalker  
  54  7:33  Zealot, Probe  
  57  7:37  Probe  
  57  7:43  Zealot  
  48  7:52  Probe  
  48  7:56  Probe  
  48  8:00  Probe  
  49  8:08  Probe  
  49  8:09  Pylon  
  49  8:10  Probe  
  49  8:20  Probe  
  50  8:28  Zealot x6  
  50  8:33  Pylon  
  62  8:46  Forge  
  62  8:55  Probe  
  60  8:56  Protoss Ground Weapons Level 1  
  60  8:59  Probe  
  60  9:02  Assimilator  
  62  9:03  Probe, Zealot  
  62  9:04  Assimilator  
  62  9:05  Sentry  
  67  9:11  Probe  
  67  9:13  Probe  
  69  9:23  Probe  
  70  9:27  Pylon  
  70  9:35  Probe  
  71  9:38  Robotics Facility  
  71  9:40  Pylon  
  71  9:46  Nexus  
  71  9:56  Zealot x2  
  71  9:57  Zealot x2  
  79  10:10  Stalker x2  
  83  10:32  Zealot x3  
  83  10:33  Zealot x2  
  83  10:34  Zealot  
  95  10:41  Observer  
  96  10:48  Protoss Ground Armor Level 1  
  96  10:55  Gateway  
  96  10:59  Dark Shrine  
  96  11:01  Probe  
  96  11:05  Probe x2  
  96  11:09  Assimilator  
  96  11:10  Probe  
  99  11:13  Assimilator  
  99  11:14  Pylon  
  99  11:17  Probe x2  
  102  11:18  Zealot  
  102  11:19  Zealot  
  106  11:29  Probe  
  106  11:30  Probe  
  107  11:34  Probe  
  107  11:38  Probe  
  109  11:41  Observer, Probe  
  109  11:46  Probe  
  111  11:54  Templar Archives  
  112  11:55  Zealot x5  
  112  11:56  Zealot  
  124  12:02  Forge  
  124  12:04  Pylon  
  124  12:08  Observer  
  124  12:11  Zealot  
  127  12:20  Dark Templar  
  129  12:24  Dark Templar  
  131  12:34  High Templar x2  
  131  12:35  High Templar x2  
  139  12:37  Protoss Ground Weapons Level 2  
  139  12:39  Archon x2  
  139  12:47  Sentry  
  139  12:55  Probe x2  
  141  13:03  Shadow Stride  
  141  13:05  Nexus, Pylon  
  141  13:06  Pylon  
  141  13:07  Pylon  
  141  13:13  Pylon  
  141  13:20  Protoss Ground Armor Level 2  
  141  13:26  High Templar x2  
  141  13:27  Pylon, High Templar x2  
  147  13:31  Archon x2  
  149  13:36  Pylon  
  149  13:39  Robotics Bay  
  149  13:41  Pylon  
  149  13:45  Pylon, Observer  
  149  13:46  Pylon  
  150  13:50  High Templar x2  
  150  13:51  Probe  
  150  13:52  Probe, Stalker  
  150  13:54  Probe  
  159  13:59  Probe  
  159  14:00  Probe  
  159  14:06  Gateway, Probe  
  162  14:10  Photon Cannon x2  
  162  14:14  Pylon  
  162  14:15  Gateway  
  162  14:22  Probe x2  
  162  14:24  Zealot x6  
  168  14:25  Zealot  
  168  14:27  Archon  
  178  14:38  Disruptor  
  178  14:42  Psionic Storm  
  178  14:45  Assimilator  
  178  14:48  Assimilator  
  182  15:14  Disruptor  
  182  15:19  Probe x2  
  188  15:26  Stargate  
  188  15:29  Protoss Ground Weapons Level 3  
  188  15:30  Stargate  
  188  15:32  High Templar x3, Stargate  
  188  15:33  High Templar  
  196  15:35  Protoss Shields Level 1  
  196  15:36  Archon  
  196  15:37  Archon  
  164  17:00  Zealot x6  
  164  17:01  Zealot  
  98  17:21  High Templar x4  
  98  17:22  High Templar x2  
  96  17:23  High Templar  
  96  17:24  Immortal  
  96  17:28  Archon x3  
  94  17:49  Gateway  
  94  17:50  High Templar  
  94  17:51  High Templar x2, Gateway  
  98  17:52  Zealot x2  
  98  17:55  Archon x2  
  103  18:04  Immortal  
  103  18:05  Nexus  
  107  18:06  Pylon  
  107  18:21  Zealot x2  
  107  18:22  Zealot x2  
  107  18:23  High Templar x3  
  119  18:30  Archon  
  74  18:53  Zealot x6  
Tags
 
Add a new tag
Caveats
  • Supply blocks, unpowered buildings, or Contaminate may cause inaccurate times.
  • Supply counts are checked every 10 seconds.